Map: Acropolis LE

Players

Mez

  • Race: Terran Terran
  • League: Master
  • Spawn Location: 11:00

Insite - Winner!

  • Race: Protoss Protoss
  • Spawn Location: 5:00

VOD

Have the link to the VOD?

Description

Time

  • Played on: Aug. 6, 2019, 12:52 p.m.
  • Length: 12:35
Show
View Real Time Build Order
Export as new Build Order

Mez Terran 

Build Orders:  

Get SALT Encoding   

  12  0:00  SCV  
  13  0:13  SCV  
  14  0:17  Supply Depot  
  14  0:25  SCV  
  15  0:39  SCV  
  15  0:40  Barracks  
  16  0:44  Refinery  
  16  0:51  SCV  
  17  1:03  SCV  
  18  1:15  SCV  
  19  1:27  SCV  
  19  1:28  Reaper  
  21  1:41  Command Center  
  21  1:46  Orbital Command  
  21  1:58  Barracks  
  21  2:00  Barracks Reactor  
  21  2:11  Barracks  
  21  2:14  SCV  
  22  2:20  Supply Depot  
  22  2:26  SCV  
  23  2:41  Marine x2  
  23  2:42  SCV  
  26  2:49  Barracks Tech Lab  
  26  2:53  Orbital Command  
  26  2:54  SCV  
  27  3:00  Marine x2  
  27  3:01  Marine  
  30  3:06  SCV  
  30  3:07  Concussive Shells  
  30  3:08  Marauder  
  33  3:15  Supply Depot  
  33  3:18  SCV  
  33  3:19  SCV  
  35  3:20  Marine x2  
  35  3:22  Marine  
  38  3:29  Marauder  
  38  3:30  SCV  
  38  3:31  SCV  
  42  3:39  Supply Depot  
  42  3:42  SCV  
  42  3:43  SCV  
  42  3:47  Marine x3  
  47  3:50  Marine  
  47  3:54  SCV  
  47  3:55  SCV  
  50  4:04  Command Center  
  50  4:05  Marine  
  50  4:06  Stimpack, SCV  
  50  4:07  SCV  
  50  4:09  Supply Depot  
  53  4:20  Factory, Refinery  
  53  4:22  Refinery, Marine  
  53  4:23  Marine  
  55  4:37  SCV x2  
  50  4:54  Marine x2  
  50  4:55  SCV x2, Marine x2  
  52  5:01  Barracks  
  52  5:02  Engineering Bay  
  50  5:07  SCV, Starport, Factory Reactor  
  50  5:08  SCV  
  52  5:15  Bunker  
  52  5:17  Barracks  
  52  5:19  Orbital Command  
  52  5:20  SCV  
  53  5:22  Engineering Bay  
  53  5:25  Barracks Tech Lab  
  53  5:26  Marine x2  
  53  5:27  Marauder  
  53  5:28  SCV  
  58  5:32  SCV  
  59  5:40  SCV  
  60  5:44  SCV  
  60  5:45  Refinery  
  60  5:47  Combat Shield  
  60  5:48  Supply Depot  
  60  5:49  Supply Depot  
  61  5:52  SCV  
  61  5:55  SCV  
  61  5:56  SCV  
  64  5:58  Marine x2, Marauder x2  
  64  5:59  Barracks Reactor  
  64  6:01  Terran Infantry Weapons Level 1  
  64  6:02  Terran Infantry Armor Level 1  
  70  6:04  SCV  
  70  6:07  SCV  
  70  6:08  SCV  
  73  6:15  Barracks Tech Lab  
  73  6:16  SCV, Medivac  
  76  6:19  SCV, Marauder  
  76  6:23  Medivac  
  76  6:24  SCV  
  82  6:28  SCV  
  84  6:33  Orbital Command, Supply Depot x2  
  84  6:36  Marine x2, Marauder x2  
  91  6:47  Marine x2, Marauder  
  91  6:48  Medivac  
  91  6:52  SCV x2  
  91  6:53  Medivac  
  91  6:54  Marine  
  99  6:56  Supply Depot  
  99  6:58  Marauder, Supply Depot  
  102  7:03  SCV  
  102  7:04  SCV x2  
  105  7:13  Marine x3, Marauder  
  105  7:14  Marine, Marauder  
  113  7:16  SCV x3  
  116  7:25  Marauder  
  116  7:26  Medivac x2  
  116  7:28  SCV x3  
  124  7:31  Marine  
  124  7:33  Refinery  
  124  7:35  Refinery, Marauder, Barracks  
  124  7:36  Barracks  
  127  7:38  Barracks  
  127  7:40  Ghost Academy  
  127  7:47  Marine, Marauder x2  
  127  7:49  Starport  
  132  7:58  Factory Reactor  
  131  8:06  Marauder  
  133  8:13  Marine x3  
  133  8:15  Marauder  
  126  8:20  Marauder  
  126  8:22  Viking x2  
  126  8:23  SCV  
  126  8:26  Barracks Tech Lab x3  
  131  8:27  Marauder  
  133  8:37  Supply Depot  
  133  8:38  Supply Depot x2  
  133  8:39  Supply Depot  
  133  8:40  Supply Depot  
  135  8:52  Viking  
  135  8:54  Armory  
  135  8:59  Marauder x3  
  137  9:05  Viking x3  
  139  9:17  Marine x2  
  139  9:18  Marauder x3  
  139  9:22  Viking, Marine x3  
  150  9:24  Command Center  
  145  9:45  Marine x3, Marauder x4  
  155  9:46  Viking x3, Marauder  
  155  9:52  Viking, Supply Depot  
  166  9:53  Supply Depot  
  166  10:10  Ghost x3, Marauder x3  
  166  10:11  Marine x2  
  180  10:24  Viking x3  
  180  10:25  Viking  
  187  10:40  Command Center  
  187  10:41  Ghost x2  
  186  11:06  Missile Turret  
  180  11:16  Missile Turret  
  130  11:44  Marine  
  130  11:45  Marine x5, Marauder x2  
  130  11:46  Marauder x2  
  108  12:02  Marine x3  
  108  12:03  Marine  
  108  12:04  Marauder  
  108  12:06  Marine x2  
  108  12:07  Marine x2  
Show
View Real Time Build Order
Export as new Build Order

Insite Protoss - Winner!

Build Orders: 1 Gate Expand, Colossus Rush 

Get SALT Encoding   

  12  0:00  Probe  
  13  0:14  Probe  
  13  0:15  Pylon  
  14  0:22  Probe  
  15  0:32  Probe  
  16  0:39  Gateway  
  16  0:45  Probe  
  17  0:51  Assimilator  
  17  0:57  Probe  
  18  1:09  Probe  
  19  1:21  Probe  
  20  1:28  Cybernetics Core  
  20  1:42  Nexus  
  20  1:43  Probe  
  21  1:50  Pylon  
  21  1:55  Probe  
  21  1:58  Assimilator  
  21  1:59  Stalker  
  22  2:03  Probe  
  23  2:11  Probe  
  23  2:15  Warp Gate  
  26  2:25  Probe  
  26  2:29  Sentry  
  29  2:37  Probe  
  30  2:44  Robotics Facility  
  30  2:50  Probe  
  30  2:54  Probe  
  30  2:55  Stalker  
  34  2:58  Probe  
  34  3:05  Probe, Shield Battery  
  35  3:06  Probe  
  37  3:13  Probe  
  37  3:18  Probe  
  39  3:21  Probe  
  39  3:25  Stalker  
  42  3:30  Probe  
  42  3:32  Observer  
  42  3:33  Probe  
  45  3:42  Probe  
  46  3:49  Nexus  
  46  3:57  Pylon  
  46  4:01  Assimilator  
  46  4:04  Assimilator  
  46  4:05  Robotics Bay  
  46  4:09  Gateway x2  
  46  4:11  Probe x2  
  46  4:13  Pylon  
  46  4:15  Observer  
  49  4:19  Probe  
  49  4:20  Probe  
  49  4:23  Pylon  
  51  4:27  Pylon  
  51  4:29  Probe x2  
  51  4:38  Stalker  
  55  4:41  Probe  
  56  4:50  Probe  
  56  4:51  Colossus  
  50  4:54  Probe  
  50  4:59  Pylon  
  55  5:02  Probe  
  55  5:06  Probe  
  57  5:17  Probe  
  57  5:19  Probe, Nexus  
  59  5:24  Forge  
  59  5:26  Gateway  
  59  5:29  Probe  
  59  5:32  Pylon  
  59  5:33  Probe  
  61  5:35  Stalker  
  61  5:38  Colossus  
  61  5:41  Probe  
  64  5:45  Probe  
  64  5:49  Sentry  
  73  5:53  Probe  
  74  5:57  Probe  
  74  6:00  Protoss Ground Weapons Level 1, Pylon  
  75  6:05  Probe  
  76  6:12  Probe  
  76  6:17  Stalker x3, Probe  
  84  6:20  Colossus  
  84  6:24  Probe  
  85  6:29  Probe  
  85  6:30  Pylon  
  85  6:32  Stalker  
  88  6:36  Probe x2  
  96  6:43  Probe  
  96  6:44  Twilight Council  
  97  6:47  Gateway  
  97  6:49  Probe  
  97  6:53  Stalker x2  
  102  6:59  Probe  
  102  7:00  Probe  
  104  7:02  Probe, Shield Battery  
  104  7:05  Shield Battery  
  104  7:08  Assimilator  
  105  7:09  Zealot  
  105  7:10  Assimilator  
  105  7:11  Probe  
  105  7:12  Probe  
  105  7:14  Probe  
  110  7:17  Colossus  
  110  7:21  Blink  
  116  7:23  Probe  
  116  7:25  Probe  
  118  7:37  Templar Archives  
  118  7:42  Stalker x3  
  124  7:47  Pylon  
  124  7:51  Pylon  
  124  7:53  Pylon  
  124  8:04  Pylon  
  124  8:08  Stalker x3  
  124  8:10  Psionic Storm, Protoss Ground Weapons Level 2  
  124  8:12  Pylon  
  128  8:29  Observer  
  128  8:33  Extended Thermal Lance  
  128  8:36  Zealot x5  
  128  8:37  Nexus  
  128  8:39  Pylon  
  138  8:42  Gateway  
  138  8:45  Gateway  
  138  8:47  Robotics Facility, Gateway  
  138  8:48  Warp Prism  
  140  9:05  High Templar x4  
  140  9:09  Pylon  
  140  9:19  Pylon  
  140  9:21  Dark Shrine  
  138  9:24  Gateway  
  138  9:27  Gateway  
  138  9:30  Pylon  
  138  9:32  Pylon  
  138  9:35  Nexus  
  136  9:40  Charge  
  136  9:41  Zealot x4  
  136  9:43  Warp Prism  
  136  9:45  Colossus  
  143  9:49  Pylon  
  143  9:51  Observer, Pylon  
  143  9:52  High Templar x2  
  149  10:00  Zealot x2  
  149  10:05  Stalker x4  
  159  10:24  Gateway  
  159  10:26  Gateway  
  159  10:28  Gateway  
  159  10:33  Gateway  
  159  10:34  Gateway  
  159  10:35  Dark Templar x4  
  163  10:48  Stalker x4  
  169  11:04  Dark Templar x2  
  168  11:24  Stalker x5  
  168  11:25  Stalker  
  180  11:32  Nexus  
  154  11:41  Stalker x5  
  154  11:42  Stalker x2  
  152  11:51  Stalker x3  
  150  11:57  Archon  
  148  12:17  Stalker x6  
  126  12:34  Zealot x4  
Tags
 
Add a new tag
Caveats
  • Supply blocks, unpowered buildings, or Contaminate may cause inaccurate times.
  • Supply counts are checked every 10 seconds.